 Dungeon Crawl Stone Soup version 0.32-a0-12-g7fc57aa741 (webtiles) character file.

Game seed: 6633470973006468020

1125 octoduck the Destroyer (level 8, -3/57 HPs)
             Began as a Green Draconian Conjurer on Jan 15, 2024.
             Was a Follower of Vehumet.
             Slain by a killer bee (6 damage)
             ... on level 5 of the Dungeon.
             The game lasted 00:12:37 (6634 turns).

octoduck the Destroyer (Green Draconian Conjurer)   Turns: 6634, Time: 00:12:37

Health: -3/57      AC:  7    Str:  9    XL:     8   Next: 13%
Magic:  6/11       EV: 12    Int: 21    God:    Vehumet [*.....]
Gold:   265        SH:  0    Dex: 10    Spells: 5/11 levels left

rFire   . . .        b - +0 dagger
rCold   . . .        (no shield)
rNeg    . . .        (body armour unavailable)
rPois   +            (helmet restricted)
rElec   .            o - +0 cloak
rCorr   .            (no gloves)
SInv    .            (no boots)
Will    .....        (no amulet)
Stlth   ++           (no ring)
HPRegen 0.29/turn    (no ring)
MPRegen 0.12/turn

%: no passive effects
@: lethally poisoned (-3 -> -7)
A: breathe noxious fumes, AC +6, unfitting armour, poison resistance,
cold-blooded
a: Breathe Noxious Fumes, Renounce Religion


You were on level 5 of the Dungeon.
You worshipped Vehumet.
Vehumet was aware of your devotion.
You visited 1 branch of the dungeon, and saw 5 of its levels.

You collected 265 gold pieces.

Inventory:

Hand Weapons
 b - a +0 dagger (weapon)
 j - a +1 hand axe of freezing
Armour
 m - an orb of energy
 o - a +0 cloak (worn)
Wands
 l - a wand of polymorph (5)
 w - a wand of roots (8)
Scrolls
 c - a scroll of teleportation {unknown}
 d - a scroll of identify
 f - a scroll of fog
 h - 2 scrolls of brand weapon
 p - 2 scrolls of fear {unknown}
 s - a scroll of acquirement {unknown}
 t - a scroll of vulnerability {unknown}
Potions
 a - 2 potions of magic
 e - a potion of berserk rage
 g - a potion of mutation
 i - a potion of brilliance {unknown}
 k - a potion of haste {unknown}
 n - 2 potions of might
 q - a potion of cancellation {unknown}
 r - a potion of resistance {unknown}
 u - a potion of curing {unknown}
 v - a potion of degeneration {unknown}
 x - a potion of heal wounds {unknown}


   Skills:
 - Level 1.7 Dodging
 - Level 1.7 Stealth
 - Level 2.0 Spellcasting
 + Level 9.1 Conjurations
 + Level 3.3 Air Magic
 + Level 4.1 Alchemy


You had 5 spell levels left.
You knew the following spells:

 Your Spells              Type           Power      Damage    Failure   Level
a - Magic Dart            Conj           100%       1d8       1%          1
b - Searing Ray           Conj           80%        2d7       1%          2
c - Mephitic Cloud        Conj/Alch/Air  25%        N/A       4%          3

Your spell library contained the following spells:

 Spells                   Type           Power      Damage    Failure   Level
 Kiss of Death            Conj/Necr      84%        2d11      2%          1
 Dazzling Flash           Conj/Hex       42%        N/A       7%          3
 Fulminant Prism          Conj/Alch      14%        3d8       10%         4
 Iskenderun's Mystic Bla  Conj/Tloc      21%        2d6       22%         4
 Irradiate                Conj/Alch      14%        3d16      26%         5
 Inner Flame              Hex/Fire       2%         N/A       41%         3
 Tukima's Dance           Hex            2%         N/A       41%         3
 Dimensional Bullseye     Hex/Tloc       1%         N/A       82%         4
 Silence                  Hex/Air        4%         N/A       90%         5
 Curse of Agony           Necr           2%         N/A       99%         5
 Ignition                 Fire           1%         3d3       100%        8


Dungeon Overview and Level Annotations

Branches:
Dungeon (5/15)             Temple (0/1) D:5

Altars:
Ashenzari
Dithmenos
Makhleb
Vehumet

Annotations:
D:3 1 runed translucent door, Zonian's ghost, weakling FeSu


Innate Abilities, Weirdness & Mutations

You can breathe blasts of noxious fumes.
Your lurid green scales are hard. (AC +6)
You cannot fit into any form of body armour.
Your system is resistant to poisons. (rPois)
You are cold-blooded and may be slowed by cold attacks.


Message History

The killer bee attacks as it pursues you!
The killer bee stings you.
The killer bee stings you but does no damage.
The killer bee barely misses you.
Something barely misses the killer bee.
The killer bee stings you but does no damage. x2
A scorpion comes into view.
The killer bee attacks as it pursues you!
The killer bee barely misses you.
The killer bee stings you but does no damage.
The killer bee stings you.
The killer bee stings you but does no damage.
The killer bee stings you. The killer bee barely misses you.
The killer bee misses you.
The killer bee attacks as it pursues you!
The killer bee stings you. The killer bee barely misses you.
The killer bee barely misses you.
The killer bee attacks as it pursues you!
The killer bee stings you! The killer bee closely misses you.
The killer bee barely misses you. The killer bee stings you.
The killer bee stings you but does no damage.
The killer bee attacks as it pursues you!
The killer bee stings you but does no damage.
The killer bee stings you.
You are poisoned.
The killer bee poisons you!
You feel sick. The killer bee barely misses you. The killer bee stings you!
* * * LOW HITPOINT WARNING * * *
You are more poisoned.
The killer bee poisons you!
You feel sick. The killer bee stings you.
* * * LOW HITPOINT WARNING * * *
The killer bee barely misses you.
There is a stone staircase leading up, spattered with blood here.
You feel sick. The killer bee barely misses you.
The killer bee closely misses you. The killer bee stings you.
* * * LOW HITPOINT WARNING * * *
The killer bee stings you.
You die...

#.### ## ##..# ##. #
###...# ## ##.#
####.....# ##.#
##..##### .........#
..# #........
#######..# ##.#
###....# # #### ##.##
##.....## #
####...###......# ##
##......@ys.####.##
.########.......yy.##
#..#######
................<.##
#.........
........(..........#
###..y.†..
########..######....#
#######. #### ###.(..
## #...# # # #####
#..# #.. ## ##...##
..# #..>.


You could see a scorpion and 3 killer bees.

Vanquished Creatures
  A black bear (D:5)
  An ogre (D:4)
  A centaur (D:5)
  2 phantoms (D:5)
  A bullfrog (D:4)
  3 scorpions
  A killer bee (D:5)
  2 jellies (D:4)
  4 hounds
  4 iguanas
  Jessica (D:3)
  A gnoll (D:1)
  2 adders
  A shadow imp (D:5)
  3 dart slugs
  13 orcs
  6 endoplasms
  3 giant cockroaches
  7 hobgoblins
  5 jackals
  4 quokkas
  8 ball pythons
  4 bats
  3 frilled lizards
  2 goblins
  8 kobolds
  7 rats
98 creatures vanquished.

Notes
Turn   | Place    | Note
-------+----------+-------------------------------------------
     0 | D:1      | octoduck the Draconian Conjurer began the quest for the
                  | Orb.
     0 | D:1      | Reached XP level 1. HP: 14/14 MP: 3/3
   194 | D:1      | Found a faded altar of an unknown god.
   336 | D:1      | Reached XP level 2. HP: 17/20 MP: 0/5
   572 | D:1      | Reached skill level 5 in Conjurations
   670 | D:1      | Reached XP level 3. HP: 26/26 MP: 2/6
   959 | D:1      | Learned a level 2 spell: Searing Ray
  2733 | D:2      | Reached XP level 4. HP: 33/33 MP: 2/7
  2996 | D:3      | Reached skill level 6 in Conjurations
  3156 | D:3      | Noticed Jessica
  3435 | D:3      | Found a runed translucent door.
  3435 | D:3      | Noticed Zonian's ghost (weakling FeSu)
  3439 | D:3      | Killed Jessica
  3440 | D:3      | Reached XP level 5. HP: 38/38 MP: 3/8
  3651 | D:3      | Found a radiant altar of Vehumet.
  3685 | D:3      | Found a broken altar of Ashenzari.
  3710 | D:3      | Became a worshipper of Vehumet
  4202 | D:4      | Noticed an ice beast
  4411 | D:4      | Reached skill level 7 in Conjurations
  4574 | D:4      | Found a shadowy altar of Dithmenos.
  4582 | D:4      | Reached XP level 6. HP: 45/45 MP: 3/9
  4880 | D:4      | an ice beast changed into a bullfrog
  4887 | D:4      | Reached skill level 8 in Conjurations
  5166 | D:4      | Your scales start taking on a lurid green colour.
  5166 | D:4      | Reached XP level 7. HP: 50/50 MP: 4/10
  5166 | D:4      | Gained mutation: Your system is resistant to poisons.
                  | (rPois) [Green Draconian growth]
  5228 | D:4      | Identified the +6 chain mail "Myrek" {rPois Dex+2 Slay+2}
  5296 | D:4      | Found a burning altar of Makhleb.
  5665 | D:5      | Entered Level 5 of the Dungeon
  5702 | D:4      | Learned a level 3 spell: Mephitic Cloud
  5708 | D:5      | Reached skill level 1 in Air Magic
  5708 | D:5      | Reached skill level 1 in Alchemy
  5921 | D:5      | Reached * piety under Vehumet
  5921 | D:5      | Offered knowledge of Kiss of Death by Vehumet.
  6107 | D:5      | Reached skill level 9 in Conjurations
  6263 | D:5      | Found a staircase to the Ecumenical Temple.
  6420 | D:5      | Reached XP level 8. HP: 57/57 MP: 3/11
  6634 | D:5      | Slain by a killer bee

Illustrated notes

Levels and vault maps discovered:
D:1:      sevenhm_arrival_forest_fort_small_5, layout_loops_corners,
          ebering_ecumenical_altar_abandoned, minmay_tetromino_t2
D:2:      layout_loops_ring
D:3:      layout_rooms, mainiacjoe_overflow_two_lobes,
          hellmonk_ghost_happy_afterlife, roderic_roman_lattice,
          grunt_ministairs_2, kennysheep_jessica_study
D:4:      layout_loops_cross, makhleb_blood_cavern_becter,
          grunt_dithmenos_smoke_and_mirrors, dk_vineyard_2,
          minmay_misc_feat_columns
D:5:      layout_layer_cave, nicolae_ru_the_path_less_chosen,
          minmay_temple_entry_glassed_door

Skill      XL: |  1  2  3  4  5  6  7  8 |
---------------+-------------------------+-----
Conjurations   | 5 6 7 8 9 |  9.1
Air Magic      | 3 |  3.3
Alchemy        | 3 4 |  4.1
Dodging        | |  1.7
Stealth        | |  1.7
Spellcasting   | |  2.0

Action                     |  1- 3 |  4- 6 |  7- 9 || total
---------------------------+-------+-------+-------++-------
  Melee: Unarmed           |    12 |       |       ||    12
         Tailslap          |     3 |     1 |       ||     4
         Dagger            |    28 |    35 |     2 ||    65
         Hand axe          |     3 |       |       ||     3
   Cast: Magic Dart        |    92 |    72 |    19 ||   183
         Searing Ray       |     1 |    12 |    13 ||    26
         Mephitic Cloud    |       |       |     1 ||     1
Ability: Breathe Noxious F |       |       |     2 ||     2
  Evoke: Wand              |       |     1 |       ||     1
    Use: Scroll            |       |     6 |       ||     6
 Armour: Skin              |    44 |    35 |    46 ||   125
  Dodge: Dodged            |    37 |    30 |    33 ||   100

Table legend: (Time is in decaauts)
 A = Elapsed time spent in this place.
 B = Non-inter-level travel time spent in this place.
 C = Inter-level travel time spent in this place.
 D = Time resting spent in this place.
 E = Time spent auto-exploring this place.
 F = Levels seen in this place.
 G = Mean time per level.
                   A        B        C        D        E       F      G
               +--------+--------+--------+--------+--------+-----+--------+
         Total |   6638 |   6226 |    412 |   1688 |   3534 |   5 | 1327.6 |
       Dungeon |   6638 |   6226 |    412 |   1688 |   3534 |   5 | 1327.6 |
               +--------+--------+--------+--------+--------+-----+--------+

Top non-repeatable levels by time:
     D:1: 1694 daAuts
     D:4: 1693 daAuts
     D:3: 1295 daAuts
     D:2: 1124 daAuts
     D:5: 831 daAuts
